 Dungeon Crawl Stone Soup version 0.29-a0-824-gd827844252 (webtiles) character file.

Game seed: 10824020398380378719

19819 xian the Basher (level 12, -9/95 HPs)
             Began as a Demonspawn Fighter on July 11, 2022.
             Was an Elder of Wu Jian.
             Mangled by a vault guard
             ... wielding a +0 glaive
              (23 damage)
             ... on level 13 of the Dungeon.
             The game lasted 00:50:34 (16105 turns).

xian the Basher (Demonspawn Fighter)               Turns: 16105, Time: 00:50:35

Health: -9/95      AC: 15    Str: 31    XL:     12   Next: 39%
Magic:  21/21      EV: 17    Int: 12    God:    Wu Jian [****..]
Gold:   2324       SH:  6    Dex: 24    Spells: 11/11 levels left

rFire   + . .      SeeInvis .   J - +2 eveningstar of Reasonable Offence {venom, rPois Int-3 Dex+2}
rCold   + + .      Faith    .   B - +0 buckler
rNeg    + . .      Spirit   .   C - +0 scale mail "Xalewia" {-Tele +Inv rC++ Str+4}
rPois   +          Reflect  .   D - +0 helmet
rElec   .          Harm     .   F - scarf {repulsion}
rCorr   .          Rampage  .   (no gloves)
Will    .....      NoTele   +   p - +1 pair of boots of Jaxouxech {rF+ rN+ Dex+3}
Stlth   ++........              I - amulet "Pohi" {RegenMP MP+9 Str+6 Int+5}
HPRegen 0.25/turn               d - +6 ring of dexterity
MPRegen 0.57/turn               k - +4 ring of evasion

@: mighty, repel missiles
A: molten scales 2, demonic guardian 3, powered by pain 1
a: Renounce Religion, Evoke Invisibility, Wall Jump, Serpent's Lash


You were on level 13 of the Dungeon.
You worshipped Wu Jian.
Wu Jian was greatly pleased with you.
You visited 3 branches of the dungeon, and saw 15 of its levels.
You also visited: Bailey.

You collected 2324 gold pieces.

Inventory:

Hand Weapons
 J - the +2 eveningstar of Reasonable Offence (weapon) {venom, rPois Int-3 Dex+2}
   (You acquired it on level 9 of the Dungeon)

   It poisons the flesh of those it strikes.
   Int:       It affects your intelligence (-3).
   Dex:       It affects your dexterity (+2).
   rPois:     It protects you from poison.
Missiles
 a - 7 atropa-tipped darts
 f - 43 poisoned darts (quivered)
 N - 5 datura-tipped darts
 O - a curare-tipped dart
Armour
 m - a +0 plate armour
 p - the +1 pair of boots of Jaxouxech (worn) {rF+ rN+ Dex+3}
   (You acquired it on level 9 of the Dungeon)

   Dex:       It affects your dexterity (+3).
   rF:        It protects you from fire.
   rN:        It protects you from negative energy.
 B - a +0 buckler (worn)
 C - the +0 scale mail "Xalewia" (worn) {-Tele +Inv rC++ Str+4}
   (You found it in a bailey)

   Str:       It affects your strength (+4).
   rC:        It greatly protects you from cold.
   +Inv:      It lets you turn invisible.
   -Tele:     It prevents most forms of teleportation.
 D - a +0 helmet (worn)
 F - a scarf of repulsion (worn)
Jewellery
 c - a ring of magical power
 d - a +6 ring of dexterity (left hand)
 k - a +4 ring of evasion (right hand)
 I - the amulet "Pohi" (around neck) {RegenMP MP+9 Str+6 Int+5}
   (You acquired it on level 9 of the Dungeon)

   [amulet of magic regeneration]

   It increases your rate of magic regeneration.
   Str:       It affects your strength (+6).
   Int:       It affects your intelligence (+5).
   MP:        It affects your magic capacity (+9).
 M - a +6 ring of intelligence
Wands
 b - a wand of acid (9)
 w - a wand of paralysis (10)
Scrolls
 e - 2 scrolls of silence
 g - 3 scrolls of magic mapping
 h - a scroll of fog {unknown}
 i - 7 scrolls of teleportation
 o - a scroll of blinking {unknown}
 r - 2 scrolls of amnesia
 t - a scroll of poison {unknown}
 u - a scroll of vulnerability
 x - a scroll of immolation {unknown}
 y - a scroll of summoning {unknown}
 H - a scroll of brand weapon
Potions
 j - a potion of might
 l - 2 potions of haste
 n - a potion of ambrosia
 q - 4 potions of brilliance
 s - 3 potions of flight
 v - a potion of magic
 z - a potion of cancellation
 E - a potion of lignification
 G - 4 potions of mutation
 L - a potion of curing
Miscellaneous
 A - a phantom mirror


   Skills:
 + Level 9.2 Fighting
 + Level 4.9 Long Blades
 + Level 11.5 Maces & Flails
 + Level 1.5 Throwing
 + Level 10.6 Armour
 + Level 3.8 Dodging
 + Level 3.9 Stealth
 + Level 3.9 Shields
 + Level 1.6 Evocations


You had 11 spell levels left.
You didn't know any spells.
Your spell library contained the following spells:

 Spells                   Type           Power      Damage    Failure   Level
 Foxfire                  Conj/Fire      0%         2x1d4     58%         1
 Magic Dart               Conj           0%         1d3       58%         1
 Slow                     Hex            0%         N/A       58%         1
 Sting                    Tmut/Pois      0%         1d3       58%         1
 Summon Small Mammal      Summ           0%         N/A       58%         1
 Blink                    Tloc           0%         N/A       75%         2
 Call Imp                 Summ           0%         N/A       75%         2
 Ensorcelled Hibernation  Hex/Ice        0%         N/A       75%         2
 Poisonous Vapours        Pois/Air       0%         N/A       75%         2
 Call Canine Familiar     Summ           0%         N/A       92%         3
 Confusing Touch          Hex            0%         N/A       92%         3
 Conjure Flame            Conj/Fire      0%         6-21      92%         3
 Ignite Poison            Fire/Tmut/Pois 0%         N/A       92%         3
 Inner Flame              Hex/Fire       0%         N/A       92%         3
 Lesser Beckoning         Tloc           0%         N/A       92%         3
 Mephitic Cloud           Conj/Pois/Air  0%         N/A       92%         3
 Spider Form              Tmut/Pois      0%         N/A       92%         3
 Summon Guardian Golem    Hex/Summ       0%         N/A       92%         3
 Vampiric Draining        Necr           0%         2d6       92%         3
 Anguish                  Hex/Necr       0%         N/A       100%        4
 Animate Armour           Summ/Erth      0%         N/A       100%        4
 Flame Wave               Conj/Fire      0%         2d4       100%        4
 Leda's Liquefaction      Hex/Erth       0%         N/A       100%        4
 Olgreb's Toxic Radiance  Pois           0%         N/A       100%        4
 Sticky Flame             Conj/Fire      0%         2d3       100%        4
 Blade Hands              Tmut           0%         N/A       100%        5
 Lee's Rapid Deconstruct  Erth           0%         3d5*      100%        5
 Manifold Assault         Tloc           0%         N/A       100%        5
 Iron Shot                Conj/Erth      0%         9d1       100%        6
 Statue Form              Tmut/Erth      0%         N/A       100%        6
 Malign Gateway           Summ/Tloc      0%         N/A       100%        7
 Summon Hydra             Summ           0%         N/A       100%        7


Dungeon Overview and Level Annotations

Branches:
Dungeon (13/15)            Temple (1/1) D:5            Lair (0/6) D:8
    Orc (1/2) D:9          Vaults (0/5) D:13         Bailey (visited)

Altars:
Ashenzari
Cheibriados
Dithmenos
Fedhas
Gozag
Hepliaklqana
Kikubaaqudgha
Makhleb
Nemelex Xobeh
Okawaru
Qazlal
Ru
Sif Muna
Trog
Uskayaw
Vehumet
Wu Jian
Xom
Yredelemnul

Annotations:
Orc:1 Nergalle


Innate Abilities, Weirdness & Mutations

You are mostly covered in molten scales. (AC +3)
A powerful demonic guardian rushes to your aid.
You sometimes gain a little power by taking damage.


Message History

You kill the redback!
The Council accepts your kill. You block the redback's attack.
The redback bites you but does no damage.
The redback bites you.
* * * LOW HITPOINT WARNING * * *
You block the redback's attack.
You spin to attack the redback, but your attack speed is too slow for a blow to land.
You spin and attack the redback.
You bludgeon the redback!!
You kill the redback!
The Council accepts your kill.
You spin and attack the redback.
You thump the redback!
The redback looks as sick as possible!
The redback is heavily wounded.
The redback closely misses you.
The redback bites you but does no damage.
You spin and attack the redback.
You puncture the redback!
You kill the redback!
The Council accepts your kill. The redback bites you.
* * * LOW HITPOINT WARNING * * *
The redback barely misses you.
You cannot teleport because you are wearing the +0 scale mail "Xalewia" {-Tele +Inv rC++ Str+4}.
The redback attacks as you move away! The redback closely misses you.
The redback attacks as you move away! The redback barely misses you.
The redback closely misses you. The redback completely misses you.
The redback attacks as you move away! The redback bites you.
* * * LOW HITPOINT WARNING * * *
You closely miss the redback. The redback closely misses you.
You block the redback's attack.
The vault guard hits you from afar with a +0 glaive.
* * * LOW HITPOINT WARNING * * *
A demonic guardian appears!
The redback bites you but does no damage. x2
You stick the redback like a pincushion!!!
You kill the redback!
The Council accepts your kill. You block the redback's attack.
The vault guard hits you from afar with a +0 glaive!!
You die...

+................
#................
#...............
####..............
................#
................#
..........†...p.# ####
!..........p...s####....
##########...#p3@.......
.............#.........#
.............#).)....>.#
.............#..)).....#
.............#..).######
.............#....#
.....)...#####=...#
.........#........#
.........#......<.#


You could see 3 vault guards, a redback (ally target) and a friendly sixfirhy
(summoned).

Vanquished Creatures
  Jorgrun (Orc:1)
  A vault guard (D:13)
  2 hydras
  2 two-headed ogres (D:11)
  A deep elf zephyrmancer (Bailey)
  An orc knight (Bailey)
  A gargoyle (D:12)
  An unseen horror (D:11)
  A kobold demonologist (D:12)
  5 trolls
  2 hornets
  Sigmund (D:3)
  9 yaks (D:10)
  2 shadows (D:12)
  A wraith (D:10)
  A vampire (D:10)
  A wyvern (D:9)
  Grum (D:10)
  7 redbacks (D:13)
  A water moccasin (D:6)
  An acid dragon (D:12)
  2 ice beasts
  4 black bears
  5 orc warriors
  3 ogres
  4 wolves (D:10)
  4 centaurs
  5 kobold brigands
  3 bullfrogs
  3 necrophages
  2 scorpions
  13 wights
  11 killer bees
  An electric eel (D:10)
  A quasit (D:5)
  2 hounds
  3 jellies
  5 orc priests
  2 iguanas
  4 orc wizards
  8 gnolls
  9 adders
  2 shadow imps
  A white imp (D:6)
  An ufetubus (D:6)
  4 worms
  3 dart slugs
  25 orcs
  7 ball pythons
  7 endoplasms
  A giant cockroach (D:1)
  10 hobgoblins
  A quokka (D:2)
  4 bats
  5 frilled lizards
  19 goblins
  20 kobolds
  5 rats
252 creatures vanquished.

Vanquished Creatures (collateral kills)
  A vault guard (D:13)
  A boulder beetle (D:11)
  A cyclops (D:11)
  The ghost of buhh the Insei, a novice OpTm of Cheibriados (D:5)
  A gargoyle (D:11)
  A steam dragon (D:8)
  3 orc warriors
  3 ogres
  Blork the orc (D:6)
  A bullfrog (D:8)
  A gnoll sergeant (D:9)
  A necrophage (D:5)
  4 wights
  11 killer bees
  3 quasits (D:5)
  A gnoll bouda (D:6)
  A hound (D:5)
  4 orc priests
  An iguana (D:6)
  An orc wizard (D:13)
  5 gnolls
  2 adders
  13 orcs
  A hobgoblin (D:1)
  A quokka (D:3)
  A ball python (D:2)
  A frilled lizard (D:3)
66 creatures vanquished.

Vanquished Creatures (others)
  14 plants (D:3)
14 creatures vanquished.

Grand Total: 332 creatures vanquished

Notes
Turn   | Place    | Note
-------+----------+-------------------------------------------
     0 | D:1      | xian the Demonspawn Fighter began the quest for the Orb.
     0 | D:1      | Reached XP level 1. HP: 18/18 MP: 1/1
   113 | D:1      | Gained mutation: A weak demonic guardian rushes to your
                  | aid. [demonic ancestry]
   113 | D:1      | Reached XP level 2. HP: 21/24 MP: 2/2
  1077 | D:1      | Found a faded altar of an unknown god.
  1135 | D:2      | Reached XP level 3. HP: 27/29 MP: 3/3
  2324 | D:2      | Gained mutation: A demonic guardian rushes to your aid.
                  | [demonic ancestry]
  2324 | D:2      | Reached XP level 4. HP: 35/35 MP: 4/4
  2616 | D:3      | Noticed Sigmund
  2640 | D:3      | Killed Sigmund
  2641 | D:3      | Reached skill level 1 in Dodging
  2641 | D:3      | Gained mutation: You are partially covered in molten
                  | scales. (AC +2) [demonic ancestry]
  2641 | D:3      | Reached XP level 5. HP: 14/41 MP: 5/5
  2986 | D:3      | Gained mutation: A powerful demonic guardian rushes to your
                  | aid. [demonic ancestry]
  2986 | D:3      | Reached XP level 6. HP: 27/48 MP: 6/6
  3545 | D:3      | Found a radiant altar of Vehumet.
  3928 | D:4      | Found a sparkling altar of Nemelex Xobeh.
  4658 | D:5      | Entered Level 5 of the Dungeon
  4707 | D:5      | Found a bloodstained altar of Trog.
  4718 | D:5      | Reached skill level 1 in Maces & Flails
  4726 | D:5      | Gained mutation: You sometimes gain a little power by
                  | taking damage. [demonic ancestry]
  4726 | D:5      | Reached XP level 7. HP: 50/54 MP: 7/7
  4794 | D:5      | Found an iron altar of Okawaru.
  4833 | D:5      | Found a staircase to the Ecumenical Temple.
  4834 | D:5      | Found a transporter.
  4841 | D:5      | Noticed buhh's ghost (novice OpTm)
  4848 | D:5      | Found a transporter.
  4868 | D:5      | Killed buhh's ghost
  4869 | D:5      | Reached skill level 3 in Maces & Flails
  4869 | D:5      | Reached skill level 5 in Armour
  4869 | D:5      | Gained mutation: You are mostly covered in molten scales.
                  | (AC +3) [demonic ancestry]
  4869 | D:5      | Reached XP level 8. HP: 37/61 MP: 8/8
  5144 | D:5      | Reached skill level 5 in Fighting
  5154 | Temple   | Entered the Ecumenical Temple
  5171 | Temple   | Became a worshipper of the Wu Jian Council
  5594 | D:5      | Reached skill level 4 in Maces & Flails
  6148 | D:6      | Noticed Blork the orc
  6159 | D:6      | Killed Blork the orc
  6281 | D:6      | Reached XP level 9. HP: 63/68 MP: 9/9
  6330 | D:6      | Reached * piety under Wu Jian
  6363 | D:6      | Reached skill level 5 in Maces & Flails
  6600 | D:6      | Found a burning altar of Makhleb.
  7262 | D:7      | Got the Papyrus of Iron Summoning
  7341 | D:7      | Reached skill level 6 in Maces & Flails
  8044 | D:7      | Reached ** piety under Wu Jian
  8127 | D:7      | Paralysed by a hornet for 2 turns
  8625 | D:7      | Reached XP level 10. HP: 72/77 MP: 10/10
  8718 | D:7      | Found a hazy altar of Hepliaklqana.
  8899 | D:8      | Reached skill level 7 in Maces & Flails
  8935 | D:8      | Found a flagged portal.
  8963 | Bailey   | Entered a bailey
  9408 | Bailey   | Found a large runed translucent door.
  9408 | Bailey   | Found a large runed translucent door.
  9408 | Bailey   | Noticed an orc knight
  9409 | Bailey   | Noticed a deep elf zephyrmancer
  9431 | Bailey   | Killed an orc knight
  9432 | Bailey   | Reached skill level 1 in Throwing
  9432 | Bailey   | Reached skill level 1 in Stealth
  9507 | Bailey   | Killed a deep elf zephyrmancer
  9529 | Bailey   | Identified the +0 scale mail "Xalewia" {-Tele +Inv rC++
                  | Str+4}
  9728 | D:8      | Reached skill level 1 in Evocations
 10007 | D:8      | Found a staircase to the Lair.
 10684 | D:9      | Identified 4 scrolls of acquirement
 10684 | D:9      | Acquired the amulet "Pohi" {RegenMP MP+9 Str+6 Int+5}
 10691 | D:9      | Acquired the +2 eveningstar of Reasonable Offence {venom,
                  | rPois Int-3 Dex+2}
 10699 | D:9      | Acquired the +1 pair of boots of Jaxouxech {rF+ rN+ Dex+3}
 10712 | D:9      | Acquired 1324 gold pieces
 10729 | D:9      | Found a stormy altar of Qazlal.
 10881 | D:9      | Reached *** piety under Wu Jian
 11111 | D:9      | Found a basalt altar of Yredelemnul.
 11153 | D:9      | Reached skill level 8 in Maces & Flails
 11282 | D:9      | Found a hide-covered altar of Uskayaw.
 11688 | D:9      | Found a staircase to the Orcish Mines.
 11812 | Orc:1    | Entered Level 1 of the Orcish Mines
 11833 | Orc:1    | Noticed Jorgrun
 11845 | Orc:1    | Killed Jorgrun
 11846 | Orc:1    | Reached XP level 11. HP: 29/84 MP: 11/11
 12069 | Orc:1    | Noticed an orc high priest
 12130 | Orc:1    | Noticed Nergalle
 12131 | Orc:1    | Reached skill level 10 in Armour
 12344 | D:10     | Entered Level 10 of the Dungeon
 12823 | D:10     | Reached skill level 9 in Maces & Flails
 12837 | D:10     | Noticed Grum
 12845 | D:10     | Killed Grum
 13126 | D:10     | Paralysed by a hornet for 1 turns
 13129 | D:10     | Paralysed by a hornet for 1 turns
 13276 | D:10     | Found a snail-covered altar of Cheibriados.
 13625 | D:11     | Noticed a six-headed hydra
 13626 | D:11     | Noticed a two-headed ogre
 13639 | D:11     | Killed a six-headed hydra
 13643 | D:11     | Killed a two-headed ogre
 13644 | D:11     | Reached skill level 10 in Maces & Flails
 14383 | D:11     | Noticed a two-headed ogre
 14391 | D:11     | Killed a two-headed ogre
 14727 | D:11     | Noticed a boulder beetle
 14736 | D:11     | Killed a boulder beetle
 14737 | D:11     | Reached XP level 12. HP: 27/94 MP: 12/12
 15406 | D:12     | Reached **** piety under Wu Jian
 15491 | D:12     | Noticed a four-headed hydra
 15499 | D:12     | Killed a four-headed hydra
 15500 | D:12     | Reached skill level 11 in Maces & Flails
 16041 | D:13     | Found a gate to the Vaults.
 16041 | D:13     | Noticed a vault guard
 16041 | D:13     | Noticed a vault guard
 16041 | D:13     | Noticed a vault guard
 16058 | D:13     | Killed a vault guard
 16064 | D:13     | Noticed a vault guard
 16064 | D:13     | Noticed a vault guard
 16064 | D:13     | Noticed a vault guard
 16068 | D:13     | Noticed a vault guard
 16069 | D:13     | Noticed a vault guard
 16078 | D:13     | Killed a vault guard
 16105 | D:13     | Mangled by a vault guard

Illustrated notes

Levels and vault maps discovered:
D:1:      dpeg_arrival_tiny_a, layout_loops_ring,
          chequers_ecumenical_altar_grove
D:2:      cheibrodos_greedy_goblins, layout_basic, minmay_misc_feat_tiny
D:3:      minmay_evil_eye, layout_rooms, nicolae_elyvilon_temple_path,
          nicolae_vehumet_altar_sigil, kennysheep_generic_room_11, uniq_sigmund
D:4:      layout_basic, mainiacjoe_overflow_catwalk, minmay_misc_feat_diagonals
D:5:      layout_loops_ring, mainiacjoe_overflow_small_starburst,
          old_standard_altar, minmay_temple_entry_tees,
          gammafunk_ghost_stat_death, kennysheep_opposing_triangles
D:6:      layout_cave_pools, mainiacjoe_overflow_concentric_impassable,
          uniq_blork_the_orc
D:7:      layout_basic, mainiacjoe_overflow_surrounded_room
D:8:      layout_gridville, lair_entry_dummy, enter_bailey_2,
          nicolae_ossuary_entry_monument
D:9:      layout_cave_pods, lemuel_crystal_altar, amcnicky_altar_gilded,
          lemuel_crystal_altar, orc_0_dummy
D:10:     layout_loops_ring, nicolae_overflow_squiral, uniq_grum
D:11:     layout_loops_ring
D:12:     layout_loops_ring
D:13:     layout_irregular_city, erik_vaults_2, drop_trap
Temple:   nicolae_temple_ecumenical_triangle
Orc:1:    layout_caves, basic_altar, nooodl_orcs_dogs, uniq_urug, uniq_nergalle,
          uniq_jorgrun

Skill      XL: |  1  2  3  4  5  6  7  8  9 10 11 12 |
---------------+-------------------------------------+-----
Long Blades    | 2 3 4 |  4.9
Armour         | 3 4 5 6 8 9 10 | 10.6
Shields        | 3 |  3.9
Dodging        | 1 2 3 |  3.8
Fighting       | 4 5 6 7 8 9 |  9.2
Maces & Flails | 1 3 4 6 8 10 11 | 11.5
Throwing       | 1 |  1.5
Stealth        | 3 |  3.9
Evocations     | 1 |  1.6

Action                   |  1- 3 |  4- 6 |  7- 9 | 10-12 || total
-------------------------+-------+-------+-------+-------++-------
Melee: Long sword        |   137 |    94 |       |       ||   231
       Whip              |       |    85 |   410 |   210 ||   705
       Punch             |       |     1 |     8 |     5 ||    14
       Eveningstar       |       |       |       |   257 ||   257
Throw: Dart              |       |     6 |       |       ||     6
       Boomerang         |       |       |       |     5 ||     5
Invok: Lunge             |       |       |    13 |    36 ||    49
       Whirlwind         |       |       |    14 |    38 ||    52
       Serpent's Lash    |       |       |       |     1 ||     1
Evoke: Wand              |       |       |       |     7 ||     7
  Use: Scroll            |     3 |     4 |     3 |    15 ||    25
       Potion            |       |     2 |     7 |     8 ||    17
 Stab: Paralysed         |       |       |       |    14 ||    14
       Sleeping          |       |       |       |     2 ||     2
Armor: Scale mail        |    72 |       |       |    91 ||   163
       Plate armour      |     1 |   144 |   377 |   152 ||   674
Dodge: Dodged            |    79 |    61 |   362 |   386 ||   888
       Repelled          |       |       |       |     2 ||     2
Block: Buckler           |    30 |       |       |    60 ||    90

Table legend: (Time is in decaauts)
 A = Elapsed time spent in this place.
 B = Non-inter-level travel time spent in this place.
 C = Inter-level travel time spent in this place.
 D = Time resting spent in this place.
 E = Time spent auto-exploring this place.
 F = Levels seen in this place.
 G = Mean time per level.
                   A        B        C        D        E       F      G
               +--------+--------+--------+--------+--------+-----+--------+
         Total |  16054 |  15662 |    392 |   1613 |   9521 |  16 | 1003.4 |
       Dungeon |  15064 |  14672 |    392 |   1328 |   9238 |  13 | 1158.8 |
        Temple |    113 |    113 |      0 |      0 |     81 |   1 |  113.0 |
  Orcish Mines |    282 |    282 |      0 |      0 |    202 |   1 |  282.0 |
        Bailey |    594 |    594 |      0 |    285 |      0 |   1 |  594.0 |
               +--------+--------+--------+--------+--------+-----+--------+

Top non-repeatable levels by time:
    D:11: 1754 daAuts
     D:9: 1610 daAuts
     D:2: 1470 daAuts
     D:5: 1348 daAuts
     D:7: 1318 daAuts
     D:6: 1271 daAuts
     D:3: 1229 daAuts
    D:10: 1165 daAuts
     D:1: 1149 daAuts
     D:8: 1020 daAuts
     D:4: 879 daAuts
    D:12: 706 daAuts
  Bailey: 594 daAuts
   Orc:1: 282 daAuts
    D:13: 138 daAuts
